 Dungeon Crawl Stone Soup version 0.29-a0-872-g797fff5ad1 (webtiles) character file.

Game seed: 15138033493524404929

364 jimonade the Shooter (level 7, -4/40 HPs)
             Began as a Kobold Arcane Marksman on July 18, 2022.
             Slain by Grinder (5 damage)
             ... on level 5 of the Dungeon.
             The game lasted 00:07:44 (5227 turns).

jimonade the Shooter (Kobold Arcane Marksman)       Turns: 5227, Time: 00:07:45

Health: -4/40      AC:  5    Str:  8    XL:     7   Next: 0%
Magic:  9/9        EV: 15    Int: 14    God:
Gold:   216        SH:  0    Dex: 17    Spells: 8/9 levels left

rFire   . . .      SeeInvis +   a - +1 demon whip
rCold   . . .      Faith    .   (no shield)
rNeg    . . .      Spirit   .   r - +2 robe "Efod Wicuo" {Stlth+}
rPois   .          Reflect  .   p - +0 helmet
rElec   .          Harm     .   (no cloak)
rCorr   .          Rampage  .   (no gloves)
Will    .....                   (no boots)
Stlth   +++++.....              (no amulet)
HPRegen 0.13/turn               d - ring of see invisible
MPRegen 0.11/turn               (no ring)

@: no status effects
A: small, no large weapons, nightstalker 3
a: no special abilities


You were on level 5 of the Dungeon.
You visited 1 branch of the dungeon, and saw 5 of its levels.

You collected 216 gold pieces.

Inventory:

Hand Weapons
 a - a +1 demon whip (weapon)
 b - a +0 sling
 f - a +1 hand axe of freezing
 h - a +0 short sword
 k - a +0 dagger
 q - a +0 short sword
Missiles
 e - 2 poisoned darts
Armour
 c - a +0 robe
 n - a +0 leather armour
 p - a +0 helmet (worn)
 r - the +2 robe "Efod Wicuo" (worn) {Stlth+}
   (You took it off an orc on level 4 of the Dungeon)

   Stlth:     It makes you more stealthy.
Jewellery
 d - a ring of see invisible (left hand)
Wands
 s - a wand of mindburst (14)
Scrolls
 g - 3 scrolls of teleportation
 l - 4 scrolls of identify
 u - a scroll of vulnerability
Potions
 i - a potion of curing
 j - a potion of attraction {unknown}
 m - a potion of degeneration {unknown}
 o - a potion of magic {unknown}
 t - a potion of ambrosia {unknown}


   Skills:
 + Level 2.2 Fighting
 + Level 0.4 Maces & Flails
 + Level 7.1 Ranged Weapons
 + Level 3.1 Dodging
 * Level 3.4 Stealth
 + Level 1.5 Spellcasting
 + Level 3.3 Hexes


You had 8 spell levels left.
You knew the following spells:

 Your Spells              Type           Power      Damage    Failure   Level
a - Slow                  Hex            40%        N/A       6%          1

Your spell library contained the following spells:

 Spells                   Type           Power      Damage    Failure   Level
 Ensorcelled Hibernation  Hex/Ice        10%        N/A       19%         2
 Confusing Touch          Hex            10%        N/A       19%         3
 Tukima's Dance           Hex            10%        N/A       19%         3
 Passwall                 Tmut/Erth      0%         N/A       36%         2
 Inner Flame              Hex/Fire       5%         N/A       36%         3
 Portal Projectile        Hex/Tloc       10%        N/A       36%         3
 Cause Fear               Hex            5%         N/A       52%         4
 Swiftness                Air            1%         N/A       58%         3
 Vampiric Draining        Necr           1%         2d6       58%         3
 Summon Lightning Spire   Summ/Air       1%         N/A       94%         4
 Haunt                    Necr/Summ      0%         N/A       100%        7


Dungeon Overview and Level Annotations

Branches:
Dungeon (5/15)
 Temple: D:4-7

Altars:
Fedhas

Shops:
D:3 :

Annotations:
D:5 Grinder


Innate Abilities, Weirdness & Mutations

You are small and have problems with some larger weapons.
You are completely attuned to the shadows.


Message History

You see here a scorpion corpse.
The helpless Grinder fails to defend herself.
You whack Grinder!
Grinder is lightly wounded.
Grinder closely misses you.
You hit Grinder. You punch Grinder.
Grinder is moderately wounded.
Grinder hits you!
You writhe in agony.
You hit Grinder but do no damage.
Grinder is moderately wounded.
Grinder barely misses you.
You hit Grinder but do no damage.
Grinder is moderately wounded.
Grinder hits you.
You writhe in agony.
You hit Grinder.
Grinder is heavily wounded.
Grinder blinks!
You hit Grinder.
Grinder is heavily wounded.
Grinder hits you.
You writhe in agony.
Grinder blinks!
You are too injured to fight recklessly!
You are too injured to fight recklessly!
Grinder hits you but does no damage.
You are too injured to fight recklessly!
You are too injured to fight recklessly!
You are too injured to fight recklessly!
You are too injured to fight recklessly!
You hit Grinder but do no damage.
Grinder is heavily wounded.
Grinder misses you.
You whack Grinder!
Grinder is severely wounded.
Grinder hits you.
You writhe in agony.
* * * LOW HITPOINT WARNING * * *
You barely miss Grinder.
Grinder is severely wounded.
Grinder hits you!
* * * LOW HITPOINT WARNING * * *
You writhe in agony.
You die...

#..# ### #..#
##.#######
#..###
#.........
######
#.)..####
##.#######
......
#..@5...# ###
######
####.##. #†#
#.# #.# #.#
#.#
###.##########
###
#............#


You could see Grinder.

Vanquished Creatures
  A necrophage (D:4)
  A scorpion (D:5)
  A hound (D:4)
  A jelly (D:4)
  An iguana (D:4)
  Jessica (D:2)
  An orc wizard (D:4)
  2 adders
  A shadow imp (D:5)
  A worm (D:2)
  2 dart slugs
  4 orcs (D:4)
  8 ball pythons
  5 endoplasms
  7 goblins
  5 hobgoblins
  2 jackals (D:4)
  5 quokkas
  2 bats
  2 frilled lizards
  8 kobolds
  3 rats
64 creatures vanquished.

Vanquished Creatures (others)
  3 fungi (D:5)
  15 plants
18 creatures vanquished.

Grand Total: 82 creatures vanquished

Notes
Turn   | Place    | Note
-------+----------+-------------------------------------------
     0 | D:1      | jimonade the Kobold Arcane Marksman began the quest for the
                  | Orb.
     0 | D:1      | Reached XP level 1. HP: 12/12 MP: 2/2
   153 | D:1      | Reached skill level 3 in Ranged Weapons
   153 | D:1      | Reached XP level 2. HP: 16/16 MP: 3/3
   293 | D:1      | You fall into a shaft and drop 1 floor!
   740 | D:2      | Got the Grimoire of Convocation and Curses
  1026 | D:2      | Reached XP level 3. HP: 12/20 MP: 4/4
  1033 | D:2      | Reached skill level 1 in Stealth
  1421 | D:2      | Noticed Jessica
  1431 | D:2      | Killed Jessica
  1432 | D:2      | Reached skill level 4 in Ranged Weapons
  1432 | D:2      | Reached XP level 4. HP: 4/25 MP: 5/5
  2710 | D:3      | Found Oshiug's Book Shop.
  3369 | D:4      | Reached XP level 5. HP: 30/30 MP: 6/6
  3383 | D:4      | Reached skill level 5 in Ranged Weapons
  3435 | D:4      | Identified the +2 robe "Efod Wicuo" {Stlth+}
  3859 | D:4      | Reached XP level 6. HP: 35/35 MP: 8/8
  3897 | D:4      | Reached skill level 6 in Ranged Weapons
  4841 | D:5      | Entered Level 5 of the Dungeon
  4978 | D:5      | Found a blossoming altar of Fedhas.
  5203 | D:5      | Noticed Grinder
  5212 | D:5      | Reached skill level 7 in Ranged Weapons
  5212 | D:5      | Reached XP level 7. HP: 37/40 MP: 9/9
  5227 | D:5      | HP: 1/40 [Grinder (7)]
  5227 | D:5      | Slain by Grinder

Illustrated notes

Levels and vault maps discovered:
D:1:      dpeg_arrival_ternary, layout_basic, ebering_ecumenical_altar_webs,
          kennysheep_another_room
D:2:      layout_loops_ring, serial_forest, infiniplex_forest_lined_room_2,
          infiniplex_forest_split, infiniplex_forest_straight_2,
          infiniplex_forest_zigzag_1, infiniplex_forest_clump_curved,
          infiniplex_forest_end_2, infiniplex_forest_lined_3, uniq_jessica
D:3:      layout_basic, serial_shops, nicolae_shop_advertising_works
          [nicolae_subvault_shop_adworks], skrybe_limestone_x,
          minmay_box_of_dots
D:4:      layout_basic
D:5:      layout_loops_ring, fedhas_altar_3, mainiacjoe_overflow_alcove_2,
          gup_sewer_entry_glass, uniq_eustachio, uniq_grinder

Skill      XL: |  1  2  3  4  5  6 |
---------------+-------------------+-----
Ranged Weapons | 3 4 5 7 |  7.1
Stealth        | 1 2 3 |  3.4
Dodging        | 3 |  3.1
Fighting       | 2 |  2.2
Maces & Flails | |  0.4
Spellcasting   | |  1.5
Hexes          | |  3.3

Action                   |  1- 3 |  4- 6 |  7- 9 || total
-------------------------+-------+-------+-------++-------
Melee: Demon whip        |       |    37 |     9 ||    46
       Punch             |       |       |     1 ||     1
 Fire: Sling             |    80 |   163 |       ||   243
 Cast: Slow              |     1 |    14 |       ||    15
  Use: Scroll            |       |     5 |       ||     5
 Stab: Sleeping          |       |     2 |     1 ||     3
Armor: Robe              |     4 |    19 |     1 ||    24
Dodge: Dodged            |    43 |   106 |     3 ||   152

Table legend: (Time is in decaauts)
 A = Elapsed time spent in this place.
 B = Non-inter-level travel time spent in this place.
 C = Inter-level travel time spent in this place.
 D = Time resting spent in this place.
 E = Time spent auto-exploring this place.
 F = Levels seen in this place.
 G = Mean time per level.
                   A        B        C        D        E       F      G
               +--------+--------+--------+--------+--------+-----+--------+
         Total |   5273 |   5165 |    108 |   1192 |   3221 |   5 | 1054.6 |
       Dungeon |   5273 |   5165 |    108 |   1192 |   3221 |   5 | 1054.6 |
               +--------+--------+--------+--------+--------+-----+--------+

Top non-repeatable levels by time:
     D:2: 1928 daAuts
     D:4: 1689 daAuts
     D:3: 967 daAuts
     D:5: 388 daAuts
     D:1: 298 daAuts
